 Dungeon Crawl Stone Soup version 0.28-a0-724-g66f9036eb4 (webtiles) character file.

Game seed: 2442620716899472494

37 Rennog the Ruffian (level 3, -3/19 HPs)
             Began as a Vine Stalker Fighter on Oct 27, 2021.
             Was an Initiate of Ru.
             Slain by an iguana (8 damage)
             ... on level 1 of the Dungeon.
             The game lasted 00:02:19 (1350 turns).

Rennog the Ruffian (Vine Stalker Fighter)           Turns: 1350, Time: 00:02:19

Health: -3/19      AC:  6    Str: 19    XL:     3   Next: 41%
Magic:  0/4        EV:  9    Int:  8    God:    Ru [......]
Gold:   97         SH:  4    Dex: 13    Spells: 2/2 levels left

rFire   . . .      SeeInvis .     - Unarmed
rCold   . . .      Faith    .   b - +0 buckler
rNeg    . . .      Spirit   +   a - +0 scale mail
rPois   +          Reflect  .   (no helmet)
rElec   .          Harm     .   (no cloak)
rCorr   .          Rampage  .   (no gloves)
Will    .....                   (no boots)
Stlth   ..........              (no amulet)
HPRegen 0.06/turn               g - ring of poison resistance
MPRegen 0.09/turn               (no ring)

@: no status effects
A: fangs 2, magic shield, antimagic bite, no potion heal 2
a: Renounce Religion


You were on level 1 of the Dungeon.
You worshipped Ru.
Ru was noncommittal.
You visited 1 branch of the dungeon, and saw 2 of its levels.

You collected 97 gold pieces.

Inventory:

Hand Weapons
 e - a +0 club
Armour
 a - a +0 scale mail (worn)
 b - a +0 buckler (worn)
Jewellery
 g - a ring of poison resistance (left hand)
 j - an amulet of faith
Wands
 d - a wand of polymorph (11)
Scrolls
 f - a scroll of blinking {unknown}
 h - a scroll of acquirement {unknown}
 i - a scroll of enchant armour {unknown}
Potions
 c - a potion of might
 k - a potion of degeneration {unknown}


   Skills:
 - Level 2.9 Fighting
 - Level 2.6 Armour
 - Level 2.9 Shields
 + Level 3.1 Unarmed Combat


You had 2 spell levels left.
You didn't know any spells.
Your spell library contained the following spells:

 Spells                   Type           Power      Damage    Failure   Level
 Inner Flame              Hex/Fire       0%         N/A       99%         3
 Cause Fear               Hex            0%         N/A       100%        4
 Passage of Golubria      Tloc           0%         N/A       100%        4
 Silence                  Hex/Air        0%         N/A       100%        5
 Discord                  Hex            0%         N/A       100%        8
 Lehudib's Crystal Spear  Conj/Erth      0%         10d2      100%        8


Dungeon Overview and Level Annotations

Branches:
Dungeon (2/15)

Altars:
Ru


Innate Abilities, Weirdness & Mutations

You have extremely sharp teeth.
When hurt, damage is shared between your health and your magic reserves.
Your bite disrupts and absorbs the magic of your enemies.
Potions cannot restore your health.


Message History

The iguana bites you.
* * * LOW HITPOINT WARNING * * *
There is a stone staircase leading down here.
There is a stone staircase leading down here.
You hit the iguana but do no damage. You bite the iguana, but do no damage.
The iguana is moderately wounded.
The iguana bites you but does no damage.
Your scale mail prevents you from hitting the iguana.
Your bite misses the iguana.
The iguana is moderately wounded.
The iguana bites you but does no damage.
You barely miss the iguana. You bite the iguana, but do no damage.
The iguana is moderately wounded.
The iguana closely misses you.
You barely miss the iguana. Your bite misses the iguana.
The iguana is moderately wounded.
The iguana bites you but does no damage.
You barely miss the iguana. You bite the iguana, but do no damage.
The iguana is moderately wounded.
The iguana barely misses you.
You hit the iguana.
The iguana is heavily wounded.
The iguana barely misses you.
You hit the iguana but do no damage.
The iguana is heavily wounded.
The iguana bites you but does no damage.
You hit the iguana. You bite the iguana, but do no damage.
The iguana is almost dead.
You block the iguana's attack.
You hit the iguana but do no damage. You bite the iguana, but do no damage.
The iguana is almost dead.
The iguana bites you.
* * * LOW HITPOINT WARNING * * *
You barely miss the iguana. You bite the iguana, but do no damage.
The iguana is almost dead.
The iguana completely misses you.
You hit the iguana but do no damage. You bite the iguana, but do no damage.
The iguana is almost dead.
The iguana bites you!
You die...

#...........##.###.###.## ##
#..[........#...#...#...# #.
#.###..###..'.8.#.8...<.# #.
#...........#...#...#^..# #.
#........#..############# #.
#........#..#.....#########.
#..##....#...>.##.#.........
###.........l######.#.#......|
####.........#..@..###.#.#.......
.....####....#.........#.........
.....# #........#.#####.........
.....# #.####.....#.............
####.# #........###.####........
#.# #######..#...##(......... #.#
#.................. #.#
#.#######.#........ #.# #.#
#.#........


You could see an iguana.

Vanquished Creatures
  A dart slug (D:1)
  3 orcs (D:2)
  4 endoplasms (D:1)
  A giant cockroach (D:1)
  4 goblins
  3 hobgoblins
  A quokka (D:1)
  A ball python (D:2)
  5 bats
  2 frilled lizards (D:1)
  A kobold (D:1)
  4 rats (D:1)
30 creatures vanquished.

Notes
Turn   | Place    | Note
-------+----------+-------------------------------------------
     0 | D:1      | Rennog the Vine Stalker Fighter began the quest for the
                  | Orb.
     0 | D:1      | Reached XP level 1. HP: 11/11 MP: 2/2
    31 | D:1      | Found a faded altar of an unknown god.
    55 | D:1      | Prayed at the altar of an unknown god.
    55 | D:1      | Became a worshipper of Ru the Awakened
   123 | D:1      | Reached XP level 2. HP: 15/16 MP: 3/3
   787 | D:1      | Reached XP level 3. HP: 18/19 MP: 4/4
   933 | D:2      | Reached skill level 3 in Unarmed Combat
  1350 | D:1      | Slain by an iguana

Illustrated notes

Levels and vault maps discovered:
D:1:      minmay_arrival_nine_rooms, layout_basic,
          hellmonk_ecumenical_altar_lost_god
D:2:      layout_loops_cross, guppyfry_early_orc_mine

Skill      XL: |  1  2  3 |
---------------+----------+-----
Unarmed Combat | 3 |  3.1
Fighting       | |  2.9
Armour         | |  2.6
Shields        | |  2.9

Action                   || total
-------------------------++-------
Melee: Unarmed           ||    91
       Bite              ||    29
Invok: Reject Sacrifices ||     1
Armor: Scale mail        ||    32
Dodge: Dodged            ||    37
Block: Buckler           ||    16

Table legend: (Time is in decaauts)
 A = Elapsed time spent in this place.
 B = Non-inter-level travel time spent in this place.
 C = Inter-level travel time spent in this place.
 D = Time resting spent in this place.
 E = Time spent auto-exploring this place.
 F = Levels seen in this place.
 G = Mean time per level.
                   A        B        C        D        E       F      G
               +--------+--------+--------+--------+--------+-----+--------+
         Total |   1348 |   1313 |     35 |      0 |   1058 |   2 |  674.0 |
       Dungeon |   1348 |   1313 |     35 |      0 |   1058 |   2 |  674.0 |
               +--------+--------+--------+--------+--------+-----+--------+

Top non-repeatable levels by time:
     D:1: 899 daAuts
     D:2: 448 daAuts
